 Dungeon Sprint DCSS version 0.24-a0-446-g87df7205b4 (webtiles) character file.

Game seed: 18131315300501504205

1715 mahrnol the Blocker (level 8, 0/81 HPs)
             Began as a Minotaur Fighter on June 18, 2019.
             Was a Priest of Makhleb.
             Slain by a four-headed hydra (7 damage)
             ... in the Dungeon (Sprint IX: "|||||||||||||||||||||||||||||") on June 24, 2019.
             The game lasted 00:10:52 (622 turns).

mahrnol the Blocker (Minotaur Fighter)               Turns: 622, Time: 00:10:53

Health: 0/81       AC: 23    Str: 23    XL:     8   Next: 74%
Magic:  11/11      EV:  8    Int:  8    God:    Makhleb [***...]
Gold:   27         SH:  0    Dex: 10    Spells: 7/7 levels left

rFire    . . .     SeeInvis .   r - +2 dire flail (protect)
rCold    . . .     Gourm    .   (shield currently unavailable)
rNeg     . . .     Faith    .   x - +1 chain mail
rPois    .         Spirit   .   (helmet restricted)
rElec    .         Reflect  .   (no cloak)
rCorr    .         Harm     .   y - +0 pair of gloves
MR       .....     NoTele   +   (no boots)
Stlth    ..........             (no amulet)
HPRegen  0.23/turn              b - +3 ring of intelligence
MPRegen  0.12/turn              w - +2 ring of protection

@: protection aura
A: retaliatory headbutt, horns 2
a: Minor Destruction, Lesser Servant of Makhleb, Renounce Religion


You were in the Dungeon.
You worshipped Makhleb.
Makhleb was most pleased with you.
You were not hungry.

You visited 1 branch You collected 27 gold pieces.

Inventory:

Hand Weapons
 a - a +0 flail
 q - the +1 broad axe "Raibbecui" {pain, rC+}
   (You found it in the Dungeon)

   In the hands of one skilled in necromantic magic, it inflicts extra damage on
   living creatures.
   It protects you from cold.
 r - a +2 dire flail of protection (weapon)
 s - a +2 halberd of venom
 t - a +4 quarterstaff of speed
 u - a +2 rapier of distortion
 v - a +2 scimitar of holy wrath
Missiles
 z - 15 arrows
Armour
 c - a +0 shield
 x - a +1 chain mail (worn)
 y - a +0 pair of gloves (worn)
Jewellery
 b - a +3 ring of intelligence (left hand)
 w - a +2 ring of protection (right hand)
Wands
 p - a wand of acid (10)
Scrolls
 k - 2 scrolls of blinking
 n - 3 scrolls of remove curse
 o - 2 scrolls of amnesia
 C - a scroll of enchant weapon
 D - 6 scrolls of enchant armour
 E - a scroll of identify
 F - a scroll of fear
Potions
 d - 2 potions of might
 e - 6 potions of curing
 g - 5 potions of heal wounds
 h - a potion of haste
 i - 4 potions of magic
 j - a potion of berserk rage
 m - a potion of invisibility
 A - a potion of resistance
 B - a potion of brilliance
Comestibles
 f - a ration
 l - 6 chunks of flesh


   Skills:
 + Level 10.6 Fighting
 + Level 10.2(10.8) Axes
 + Level 5.8(8.8) Maces & Flails
 + Level 11.4 Armour
 + Level 12.2 Shields
 * Level 6.3 Invocations


You had 7 spell levels left.
You didn't know any spells.
Your spell library was empty.

Dungeon Overview and Level Annotations

Branches:
Dungeon (1/1)

Altars:
Cheibriados
Dithmenos
Elyvilon
Fedhas
Gozag
Hepliaklqana
Kikubaaqudgha
Makhleb
Nemelex Xobeh
Okawaru
Qazlal
Ru
Sif Muna
Trog
Uskayaw
Vehumet
Wu Jian
Xom
Yredelemnul
Zin
The Shining One
Beogh
Jiyva
Lugonu


Innate Abilities, Weirdness & Mutations

You reflexively headbutt those who attack you in melee.
You have a pair of horns on your head.


Message History

The four-headed hydra bites you. The four-headed hydra bites you! x2
The four-headed hydra bites you.
You barely miss the four-headed hydra.
The four-headed hydra is almost dead.
The four-headed hydra bites you!
* * * LOW HITPOINT WARNING * * *
The four-headed hydra bites you!
* * * LOW HITPOINT WARNING * * *
The four-headed hydra bites you.
* * * LOW HITPOINT WARNING * * *
The four-headed hydra barely misses you.
Okay, then.
You hit the four-headed hydra.
The four-headed hydra is almost dead.
Your chain mail prevents you from hitting the four-headed hydra.
The four-headed hydra is almost dead.
The four-headed hydra closely misses you.
The four-headed hydra bites you but does no damage. x2
The four-headed hydra bites you!
You die...

▓▓▓▓▓▓▓▓▓▓▓▓▓▓▓▓▓▓▓▓▓▓▓▓
...'............@DYkrFFH
▓▓▓▓▓▓▓▓▓▓▓▓▓▓▓▓▓▓▓▓▓▓▓▓▓▓▓▓▓▓▓▓▓
.................................
▓▓▓▓▓▓▓▓▓▓▓▓▓▓▓▓▓▓▓▓▓▓▓▓▓▓▓▓▓▓▓▓▓
)(....'.....'____________________
▓▓▓▓▓▓▓▓▓▓▓▓▓▓▓▓▓▓▓▓▓▓▓▓▓▓▓▓▓▓▓▓▓


You could see a four-headed hydra, a hippogriff, a yak, a spiny frog, a rime
drake, a bullfrog and a porcupine.

Vanquished Creatures
  A hydra (D)
  A centaur warrior (D)
  An ice beast (D)
  A bullfrog (D)
  2 killer bees (D)
  A howler monkey (D)
  A crimson imp (D)
  A hound (D)
  2 worker ants (D)
  An adder skeleton (D)
  A dart slug (D)
  An orc (D)
  A bat (D)
  A bat skeleton (D)
  A giant cockroach (D)
  A hobgoblin (D)
  A quokka (D)
  A ball python skeleton (D)
  A frilled lizard (D)
  2 kobolds (D)
23 creatures vanquished.

Vanquished Creatures (others)
  A spatial maelstrom (D)
1 creature vanquished.

Grand Total: 24 creatures vanquished

Notes
Turn   | Place    | Note
-------+----------+-------------------------------------------
     0 | D        | mahrnol the Minotaur Fighter began the quest for the Orb.
     0 | D        | Reached XP level 1. HP: 19/19 MP: 0/0
     2 | D        | Banished a spatial maelstrom
     8 | D        | Reached skill level 4 in Shields
   113 | D        | Noticed a crimson imp
   113 | D        | Noticed a howler monkey
   125 | D        | Killed a crimson imp
   125 | D        | Reached skill level 5 in Fighting
   125 | D        | Reached skill level 5 in Armour
   125 | D        | Reached skill level 5 in Shields
   125 | D        | Reached XP level 2. HP: 25/30 MP: 1/1
   125 | D        | Reached XP level 3. HP: 32/37 MP: 2/2
   136 | D        | Reached skill level 6 in Shields
   136 | D        | Reached XP level 4. HP: 28/45 MP: 3/3
   146 | D        | Found a roughly hewn altar of Beogh.
   146 | D        | Found a snail-covered altar of Cheibriados.
   146 | D        | Found a shadowy altar of Dithmenos.
   146 | D        | Found a white marble altar of Elyvilon.
   146 | D        | Found a blossoming altar of Fedhas.
   146 | D        | Found an opulent altar of Gozag.
   147 | D        | Found a hazy altar of Hepliaklqana.
   148 | D        | Found a viscous altar of Jiyva.
   149 | D        | Found an ancient bone altar of Kikubaaqudgha.
   150 | D        | Found a corrupted altar of Lugonu.
   151 | D        | Found a burning altar of Makhleb.
   152 | D        | Found a sparkling altar of Nemelex Xobeh.
   153 | D        | Found an iron altar of Okawaru.
   154 | D        | Found a stormy altar of Qazlal.
   155 | D        | Found a sacrificial altar of Ru.
   156 | D        | Found a deep blue altar of Sif Muna.
   157 | D        | Found a bloodstained altar of Trog.
   158 | D        | Found a hide-covered altar of Uskayaw.
   159 | D        | Became a worshipper of Makhleb the Destroyer
   160 | D        | Found a radiant altar of Vehumet.
   161 | D        | Found an ornate altar of the Wu Jian Council.
   162 | D        | Found a shimmering altar of Xom.
   163 | D        | Found a basalt altar of Yredelemnul.
   164 | D        | Found a glowing silver altar of Zin.
   165 | D        | Found a glowing golden altar of the Shining One.
   182 | D        | Got the +1 broad axe "Raibbecui" {pain, rC+}
   217 | D        | Noticed a bullfrog
   217 | D        | Noticed an ice beast
   223 | D        | Killed a bullfrog
   223 | D        | Reached skill level 1 in Axes
   223 | D        | Reached skill level 7 in Shields
   223 | D        | Reached XP level 5. HP: 45/52 MP: 4/4
   229 | D        | Killed an ice beast
   229 | D        | Reached skill level 8 in Shields
   231 | D        | Reached * piety under Makhleb
   242 | D        | Reached skill level 9 in Shields
   242 | D        | Reached XP level 6. HP: 35/63 MP: 5/5
   254 | D        | Reached ** piety under Makhleb
   439 | D        | Noticed a centaur warrior
   453 | D        | Killed a centaur warrior
   453 | D        | Reached skill level 10 in Fighting
   453 | D        | Reached skill level 5 in Maces & Flails
   453 | D        | Reached skill level 10 in Armour
   453 | D        | Reached skill level 11 in Shields
   453 | D        | Reached XP level 7. HP: 58/72 MP: 5/9
   455 | D        | Reached *** piety under Makhleb
   457 | D        | Reached XP level 8. HP: 67/79 MP: 5/10
   602 | D        | Upgraded the game from 0.24-a0-439-g6dd8730de2 to
                  | 0.24-a0-446-g87df7205b4
   602 | D        | Noticed a five-headed hydra
   602 | D        | Noticed a rime drake
   602 | D        | Noticed a spiny frog
   604 | D        | Noticed a four-headed hydra
   612 | D        | Killed a five-headed hydra
   612 | D        | Reached skill level 10 in Axes
   612 | D        | Reached skill level 12 in Shields
   618 | D        | Noticed a hippogriff
   622 | D        | Slain by a four-headed hydra

Levels and vault maps discovered:
D:        linesprint [early_d, line_temple, items_1, d_10, items_2, lair_1,
          lair_end, items_3, orc_1, orc_end, items_4, d_15, swamp_1, shoals_1,
          snake_1, spider_1, d_20, vaults_1, items_5, swamp_end, shoals_end,
          snake_end, spider_end, vaults_end, d_27, items_6, zot_1, zot_end,
          crypt_end, forest_end, elf_end, slime_end, tomb_end, abyss_end,
          pan_hell_end]

Skill      XL: |  1  2  3  4  5  6  7  8 |
---------------+-------------------------+-----
Fighting       | 5 6 7 9 10 | 10.6
Armour         | 5 6 7 8 10 11 | 11.4
Shields        | 5 6 7 9 11 12 | 12.2
Maces & Flails | 3 4 5 |  5.8
Axes           | 1 3 8 10 | 10.2
Invocations    | 4 6 |  6.3

Action                   |  1- 3 |  4- 6 |  7- 9 || total
-------------------------+-------+-------+-------++-------
Melee: Flail             |    25 |       |       ||    25
       Headbutt          |     5 |     8 |     5 ||    18
       Broad axe         |       |    50 |     6 ||    56
       Dire flail        |       |       |    12 ||    12
Armor: Scale mail        |     7 |       |       ||     7
       Chain mail        |       |    34 |    31 ||    65
Dodge: Dodged            |     9 |    18 |    12 ||    39
Block: Shield            |    14 |    43 |     6 ||    63

Table legend:
 A = Non-vault XP
 B = Vault XP
 C = Vault XP percentage of total XP
 D = Non-vault monster count
 E = Vault monster count
 F = Vault count percentage of total count
                 A         B        C        D         E       F
            +---------+---------+-------+---------+---------+-------
      Total |       0 |    2451 | 100.0 |       0 |      23 | 100.0
            +---------+---------+-------+---------+---------+-------
          D |       0 |    2451 | 100.0 |       0 |      23 | 100.0
            +---------+---------+-------+---------+---------+-------
